 Dungeon Crawl Stone Soup version 0.17.1-3-g152610e (webtiles) character file.

17635 OreoMilkShake the Slinger (level 12, -16/65 HPs)
             Began as a Spriggan Hunter on Apr 20, 2016.
             Was the Champion of Okawaru.
             Demolished by a very large slime creature (53 damage)
             ... on level 12 of the Dungeon.
             The game lasted 01:07:33 (17822 turns).

OreoMilkShake the Slinger (Spriggan Hunter)        Turns: 17822, Time: 01:07:33

Health: -16/65     AC: 12    Str:  8    XL:     12   Next: 20%
Magic:  13/13      EV: 31    Int: 12    God:    Okawaru [******]
Gold:   557        SH:  0    Dex: 26    Spells: 0 memorised, 11 levels left

rFire  + + +     SeeInvis +     n - +2 lajatang (protect)
rCold  . . .     Clarity  .     R - +2 robe "Amuitz" {rF++ Regen+}
rNeg   . . .     SustAt   .     (shield currently unavailable)
rPois  +         Gourm    .     (helmet restricted)
rElec  .         Spirit   .     W - +0 cloak {rPois}
rCorr  +         Warding  .     (gloves unavailable)
rMut   .         Stasis   .     (boots unavailable)
MR     ++...                    V - amulet of Veurog {rCorr rF+}
Stlth  ++++++....               I - +3 ring of dexterity
                                i - +3 ring of dexterity

@: very quick, very resistant to hostile enchantments, very stealthy
A: unfitting armour, thin metallic scales 1, see invisible, dopey 1, herbivore
3, speed 3, slow metabolism 2, spit poison 1
a: Spit Poison, Heroism, Finesse, Renounce Religion


You were on level 12 of the Dungeon.
You worshipped Okawaru.
Okawaru was exalted by your worship.
You were full.

You visited 1 branch of the dungeon, and saw 12 of its levels.

You collected 761 gold pieces.
You spent 204 gold pieces at shops.

Inventory:

Hand Weapons
 a - a +1 hunting sling
 n - a +2 lajatang of protection (weapon)
   (Okawaru gifted it to you on level 10 of the Dungeon)
 v - a +0 blowgun
   (You took it off a kobold on level 3 of the Dungeon)
Missiles
 b - 36 stones (quivered)
 d - 79 sling bullets
 g - 48 poisoned sling bullets
 p - 12 sling bullets of flame
 w - 33 poisoned needles
 D - a throwing net {=f, !d}
 K - 15 exploding sling bullets
Armour
 E - a +0 buckler
   (You found it on level 7 of the Dungeon)
 R - the +2 robe "Amuitz" (worn) {rF++ Regen+}
   (You found it on level 10 of the Dungeon)

   It greatly protects you from fire.
   It increases your rate of regeneration.
 W - a +0 cloak of poison resistance (worn)
   (Okawaru gifted it to you on level 12 of the Dungeon)
Jewellery
 i - a +3 ring of dexterity (left hand)
   (You bought it in a shop on level 4 of the Dungeon)
 j - a +5 ring of intelligence
   (You found it on level 6 of the Dungeon)
 s - an uncursed ring of protection from magic {MR+, !d}
   (You found it on level 2 of the Dungeon)
 I - a +3 ring of dexterity (right hand)
   (You found it on level 5 of the Dungeon)
 T - an uncursed amulet of warding {Ward, rN+, !d}
   (You found it on level 11 of the Dungeon)
 V - the amulet of Veurog (around neck) {rCorr rF+}
   (You found it on level 11 of the Dungeon)

   [amulet of resist corrosion]

   It protects you from acid and corrosion.
   It protects you from fire.
Wands
 c - a wand of frost (25)
   (You found it on level 11 of the Dungeon)
 m - a wand of disintegration (3)
   (You found it on level 6 of the Dungeon)
 y - a wand of polymorph (1)
   (You took it off Duvessa on level 6 of the Dungeon)
 z - a wand of polymorph (18)
   (You found it on level 11 of the Dungeon)
 O - a wand of cold (10)
   (You found it on level 10 of the Dungeon)
 P - a wand of draining (12)
   (You found it on level 10 of the Dungeon)
 S - a wand of paralysis (6)
   (You found it on level 11 of the Dungeon)
Scrolls
 h - a scroll of identify
 k - 3 scrolls of magic mapping {!r}
 l - 2 scrolls of fear
 o - 6 scrolls of remove curse
 q - 2 scrolls of amnesia
 t - 4 scrolls of teleportation
 F - a scroll of recharging
 M - a scroll of silence
 N - a scroll of holy word {unknown}
 Q - a scroll of blinking {!r}
 U - a scroll of enchant weapon {unknown}
Potions
 f - a potion of curing
 u - a potion of cure mutation {!q}
 B - a potion of agility
 C - a potion of might
 G - 3 potions of heal wounds
 L - 4 potions of flight
Books
 r - a book of Minor Magic
   (You found it on level 2 of the Dungeon)
 H - a book of Enchantments
   (You found it on level 5 of the Dungeon)
 J - a book of Spatial Translocations
   (You found it on level 11 of the Dungeon)
Comestibles
 e - 10 bread rations {@e1}
 x - 7 royal jellies


   Skills:
 * Level 8.8 Fighting
 + Level 5.6 Staves
 + Level 11.7 Slings
 + Level 10.5 Dodging
 + Level 11.3 Stealth
 * Level 6.0 Shields


You had 11 spell levels left.
You didn't know any spells.

Dungeon Overview and Level Annotations

Branches:
Dungeon (12/15)            Temple (0/1) D:6            Lair (0/8) D:10
    Orc (0/4) D:10

Altars:
Cheibriados
Dithmenos
Elyvilon
Fedhas
Kikubaaqudgha
Makhleb
Okawaru
Ru
Sif Muna
Trog
Yredelemnul
Zin

Shops:
D:4 =   D:6 *


Innate Abilities, Weirdness & Mutations

You are tiny and cannot use many weapons and most armour.
You have supernaturally acute eyesight.
You are a herbivore.
You cover ground extremely quickly.
You need consume almost no food.
You are partially covered in thin metallic scales (AC +2).
You are dopey. (Int -2)
You can spit weak poison.


Message History

Aim: a centaur, wielding a shortbow You shoot a stone.
The centaur shouts!
The stone hits the centaur but does no damage.
The centaur shoots an arrow.
The arrow completely misses you.
Aim: a centaur, wielding a shortbow You shoot a stone.
The stone hits the centaur but does no damage.
Aim: a centaur, wielding a shortbow You shoot a stone.
The slime creature quivers.
The stone hits the yak.
Aim: a centaur, wielding a shortbow You shoot a stone.
The stone closely misses the yak.
The stone hits the centaur.
Aim: a yak (lightly wounded)
You shoot a stone.
The stone hits the yak but does no damage.
Aim: a yak (lightly wounded)
You shoot a stone. The stone hits the yak.
Aim: a yak (lightly wounded)
You shoot a stone. The stone hits the yak.
Aim: a yak (moderately wounded)
You shoot a stone. The stone hits the yak!
Aim: a yak (heavily wounded)
You shoot a stone. The stone hits the yak!
The yak completely misses you.
Aim: a yak (severely wounded)
You shoot a stone.
The stone hits the yak but does no damage.
Aim: a yak (severely wounded)
You shoot a stone. The stone barely misses the yak.
The stone hits the centaur.
The yak gores you but does no damage.
Aim: a yak (severely wounded)
You shoot a stone. The stone hits the yak.
The yak completely misses you.
Aim: a yak (almost dead)
You shoot a stone.
The stone hits the yak but does no damage.
A slime creature suddenly disappears!
Aim: a yak (almost dead)
You shoot a stone. The stone hits the yak.
The yak completely misses you.
Aim: a yak (almost dead)
You shoot a stone. The stone hits the yak.
Aim: a yak (almost dead)
You shoot a stone.
The stone hits the yak but does no damage.
The yak completely misses you.
Aim: a yak (almost dead)
You shoot a stone. The stone barely misses the yak.
The stone hits the centaur!
The yak misses you.
Aim: a yak (almost dead)
You shoot a stone. The stone hits the yak.
Aim: a yak (almost dead)
You shoot a stone. The stone hits the yak.
You kill the yak!
Okawaru accepts your kill.
Your Shields skill increases to level 6!
Aim: a centaur, wielding a shortbow (heavily wounded)
You shoot a stone. The stone hits the centaur.
Aim: a centaur, wielding a shortbow (heavily wounded)
You shoot a stone.
The stone hits the large slime creature.
Aim: a large slime creature (moderately wounded)
You shoot a stone.
The stone hits the large slime creature!
Aim: a large slime creature (heavily wounded)
You shoot a stone.
The stone hits the large slime creature.
The large slime creature completely misses you.
Aim: a large slime creature (heavily wounded)
You shoot a stone.
The stone hits the large slime creature but does no damage.
Aim: a large slime creature (heavily wounded)
You shoot a stone.
The stone hits the large slime creature!
The large slime creature hits you but does no damage.
Aim: a large slime creature (heavily wounded)
You shoot a stone.
The stone hits the large slime creature.
Wield which item (- for none, * to show all)? (? for menu, Esc to quit)
You feel protected!
n - a +2 lajatang of protection (weapon)
The large slime creature completely misses you.
You barely miss the large slime creature.
The large slime creature misses you.
You slash the large slime creature!
The large slime creature completely misses you.
You hit the large slime creature.
The large slime creature closely misses you.
You hit the large slime creature.
Two slime creatures merge to form a very large slime creature.
You slash the very large slime creature!
You hit the very large slime creature.
The very large slime creature hits you!!
The very large slime creature completely misses you.
You take 28 damage, and have 37/65 hp.
MASSIVE DAMAGE!!
You completely miss the very large slime creature.
The very large slime creature hits you!!!
Ouch! That really hurt!
You die...

####################### ......
....>.......... #....
.............. #..#
#............#
.########..######..........Y..
........(.((.@JYY..(.......Y..
#####.(#######cY..(.......... ..#
#(.# #(c.(........... ..# #(.#
#..((.(......... ..# #..#
#Y(...(......... ..#
#.(#######(....(.........
..#######........(YY.(.<.........
............(((...(((Y(..........
............(...(..((............


You could see a very large slime creature, 3 yaks and 2 centaurs.

Vanquished Creatures
  Maud (D:10)
  A great orb of eyes (D:11)
  An unseen horror (D:11)
  2 hill giants
  Pikel (D:5)
  An ugly thing (D:12)
  A manticore (D:12)
  The ghost of jesusflecha the Shield-Bearer, a novice GrFi of the Shining One (D:6)
  A queen bee (D:11)
  2 trolls
  3 slime creatures (D:12)
  A shadow (D:12)
  2 wyverns
  2 vampire mosquitoes
  9 yaks
  A basilisk (D:12)
  A deep elf mage (D:8)
  2 wargs (D:10)
  2 hippogriffs
  Grum (D:8)
  A hungry ghost (D:11)
  A porcupine (D:10)
  3 wolves (D:8)
  A mottled dragon (D:11)
  A sky beast (D:4)
  Duvessa (D:6)
  7 orc warriors
  7 ogres
  3 ice beasts
  A slave (D:5)
  5 phantoms
  An eye of draining (D:10)
  4 necrophages (D:8)
  A crocodile (D:8)
  4 centaurs
  Blork the orc (D:4)
  7 giant frogs
  A brain worm (D:11)
  Dowan (D:6)
  A water moccasin zombie (D:10)
  3 scorpions
  3 wights (D:8)
  8 electric eels (D:11)
  24 killer bees
  7 crimson imps
  A giant frog zombie (D:5)
  5 jellies
  A centaur zombie (D:8)
  2 orc priests
  Crazy Yiuf (D:3)
  4 centaur skeletons
  4 giant frog skeletons
  7 orc wizards
  Natasha (thrice) (D:4)
  2 hounds
  A hell rat (D:10)
  5 iguanas
  8 worker ants
  A hound zombie (D:8)
  A mummy (D:8)
  A worker ant zombie (D:5)
  2 river rats (D:10)
  7 adders
  3 gnolls (D:6)
  A shadow imp (D:6)
  An ooze (D:3)
  An adder skeleton (D:8)
  An adder zombie (D:9)
  7 worms
  8 giant geckos
  32 orcs
  9 bats
  3 goblins
  10 hobgoblins
  11 jackals
  6 kobolds
  4 quokkas
  A ball python (D:4)
  3 giant cockroaches
  2 giant gecko skeletons
  A giant gecko zombie (D:8)
  8 giant newts
  A jackal zombie (D:7)
  12 rats
  A fungus (D:3)
315 creatures vanquished.

Vanquished Creatures (others)
  A plant (D:8)
1 creature vanquished.

Grand Total: 316 creatures vanquished

Notes
Turn   | Place    | Note
--------------------------------------------------------------
     0 | D:1      | OreoMilkShake the Spriggan Hunter began the quest for the Orb.
     0 | D:1      | Reached XP level 1. HP: 10/10 MP: 2/2
    33 | D:1      | Reached skill level 5 in Slings
   146 | D:1      | Reached skill level 2 in Stealth
   441 | D:1      | Reached XP level 2. HP: 15/15 MP: 3/3
   879 | D:1      | Reached skill level 2 in Fighting
  1677 | D:2      | Reached XP level 3. HP: 14/18 MP: 4/4
  2456 | D:2      | Reached skill level 3 in Stealth
  2456 | D:2      | Reached XP level 4. HP: 19/23 MP: 5/5
  2516 | D:2      | Found a sacrificial altar of Ru.
  3737 | D:3      | Noticed Crazy Yiuf
  3752 | D:3      | Killed Crazy Yiuf
  3752 | D:3      | Reached skill level 4 in Dodging
  3752 | D:3      | Reached XP level 5. HP: 27/27 MP: 6/6
  3838 | D:4      | Reached skill level 6 in Slings
  3877 | D:4      | Found a basalt altar of Yredelemnul.
  3932 | D:4      | Found an iron altar of Okawaru.
  3935 | D:4      | Became a worshipper of Warmaster Okawaru
  3939 | D:4      | Noticed Blork the orc
  3952 | D:4      | Killed Blork the orc
  3952 | D:4      | Reached skill level 3 in Fighting
  3952 | D:4      | Reached skill level 4 in Stealth
  4041 | D:4      | Noticed Natasha
  4146 | D:4      | Killed Natasha
  4146 | D:4      | Reached XP level 6. HP: 30/32 MP: 7/7
  4186 | D:4      | Noticed a phantom
  4186 | D:4      | Noticed a sky beast
  4333 | D:4      | Killed a sky beast
  4333 | D:4      | Reached * piety under Okawaru
  4431 | D:4      | Noticed Natasha
  4600 | D:4      | Killed Natasha
  4628 | D:4      | Found Usyrebyi's Jewellery Boutique.
  4711 | D:4      | Noticed Natasha
  4713 | D:4      | Killed Natasha
  4799 | D:4      | Killed a phantom
  4799 | D:4      | Reached skill level 1 in Staves
  4799 | D:4      | Reached skill level 7 in Slings
  5023 | D:4      | Noticed a phantom
  5037 | D:4      | HP: 5/32 [phantom (8)]
  5062 | D:4      | Killed a phantom
  5062 | D:4      | Reached skill level 5 in Stealth
  5062 | D:4      | Reached XP level 7. HP: 7/37 MP: 8/8
  5283 | D:4      | Reached skill level 5 in Dodging
  5296 | D:4      | Found a shadowy altar of Dithmenos.
  5383 | D:4      | Found an ancient bone altar of Kikubaaqudgha.
  5383 | D:4      | Found a snail-covered altar of Cheibriados.
  5463 | D:4      | Reached ** piety under Okawaru
  5525 | D:5      | Entered Level 5 of the Dungeon
  5542 | D:5      | Reached skill level 4 in Fighting
  6003 | D:5      | Found a blossoming altar of Fedhas.
  6119 | D:5      | Noticed Pikel
  6209 | D:5      | Killed Pikel
  6209 | D:5      | Reached skill level 2 in Staves
  6209 | D:5      | Reached skill level 8 in Slings
  6209 | D:5      | Reached skill level 6 in Dodging
  6209 | D:5      | Reached skill level 6 in Stealth
  6209 | D:5      | Reached XP level 8. HP: 38/42 MP: 9/9
  6217 | D:5      | Reached *** piety under Okawaru
  6704 | D:5      | Found a white marble altar of Elyvilon.
  6875 | D:4      | Found a glowing silver altar of Zin.
  6952 | D:4      | Bought a +3 ring of dexterity for 204 gold pieces
  7198 | D:6      | Noticed jesusflecha's ghost (novice GrFi)
  7216 | D:6      | Reached skill level 5 in Fighting
  7268 | D:6      | Killed jesusflecha's ghost
  7268 | D:6      | Received a gift from Okawaru
  7268 | D:6      | Reached skill level 9 in Slings
  7268 | D:6      | Reached skill level 7 in Stealth
  7322 | D:6      | Found a staircase to the Ecumenical Temple.
  7325 | D:6      | Noticed Dowan
  7368 | D:6      | Reached XP level 9. HP: 24/47 MP: 8/10
  7386 | D:6      | Reached skill level 7 in Dodging
  7559 | D:6      | Reached skill level 3 in Staves
  7693 | D:6      | Received a gift from Okawaru
  7891 | D:6      | Found Hofuvvom's Assorted Antiques.
  7910 | D:6      | Noticed Duvessa
  7948 | D:6      | Found a white marble altar of Elyvilon.
  8093 | D:6      | Killed Duvessa
  8102 | D:6      | Killed Dowan
  8290 | D:7      | Reached skill level 10 in Slings
  8380 | D:7      | Reached skill level 6 in Fighting
  8413 | D:7      | Found a deep blue altar of Sif Muna.
  8474 | D:7      | Reached **** piety under Okawaru
  8631 | D:7      | Received a gift from Okawaru
  8760 | D:7      | Reached skill level 1 in Shields
  8911 | D:8      | Reached skill level 8 in Stealth
  9140 | D:8      | Reached skill level 8 in Dodging
  9355 | D:8      | Noticed Grum
  9370 | D:8      | Reached XP level 10. HP: 53/53 MP: 11/11
  9379 | D:8      | Killed Grum
  9379 | D:8      | Reached skill level 2 in Shields
  9408 | D:8      | Reached ***** piety under Okawaru
  9893 | D:8      | Noticed a centaur warrior
 10119 | D:8      | Received a gift from Okawaru
 10119 | D:8      | Reached skill level 4 in Staves
 11235 | D:8      | Reached skill level 3 in Shields
 11255 | D:8      | Reached skill level 7 in Fighting
 11268 | D:8      | Noticed an anaconda
 11268 | D:8      | a centaur warrior changed into an anaconda
 11459 | D:9      | Found a bloodstained altar of Trog.
 11485 | D:9      | Reached skill level 9 in Stealth
 11853 | D:9      | You fall through a shaft for 3 floors!
 12147 | D:11     | Noticed an unseen horror
 12375 | D:10     | Entered Level 10 of the Dungeon
 12375 | D:10     | Noticed Maud
 12449 | D:10     | Killed Maud
 12449 | D:10     | Reached skill level 9 in Dodging
 12449 | D:10     | Reached skill level 4 in Shields
 12529 | D:10     | Found a white marble altar of Elyvilon.
 12618 | D:10     | Found a staircase to the Lair.
 12641 | D:10     | Received a gift from Okawaru
 12649 | D:10     | Reached XP level 11. HP: 51/56 MP: 12/12
 13267 | D:10     | Reached skill level 10 in Stealth
 13443 | D:10     | Received a gift from Okawaru
 13443 | D:10     | Reached skill level 11 in Slings
 13535 | D:10     | Found a staircase to the Orcish Mines.
 13996 | D:10     | Got a fabulously ornate robe
 14272 | D:10     | Identified the +2 robe "Amuitz" {rF++ Regen+} (You found it on level 10 of the Dungeon)
 14302 | D:10     | Gained mutation: You are partially covered in thin metallic scales (AC +2). [potion of mutation]
 14302 | D:10     | Gained mutation: You can spit weak poison. [potion of mutation]
 14302 | D:10     | Gained mutation: You are dopey. (Int -2) [potion of mutation]
 14533 | D:11     | Noticed a six-headed hydra
 14662 | D:10     | Noticed a hill giant
 14735 | D:10     | Killed a hill giant
 14735 | D:10     | Received a gift from Okawaru
 14735 | D:10     | Reached skill level 8 in Fighting
 14894 | D:11     | Noticed a great orb of eyes
 14894 | D:11     | a six-headed hydra changed into a great orb of eyes
 14919 | D:11     | Paralysed by a great orb of eyes for 3 turns
 15005 | D:11     | Paralysed by a great orb of eyes for 5 turns
 15016 | D:11     | Killed a great orb of eyes
 15016 | D:11     | Reached skill level 5 in Staves
 15178 | D:11     | Reached skill level 5 in Shields
 15764 | D:11     | Found a burning altar of Makhleb.
 15840 | D:11     | Reached skill level 10 in Dodging
 15898 | D:11     | Noticed a hill giant
 15952 | D:11     | Killed a hill giant
 15952 | D:11     | Received a gift from Okawaru
 16472 | D:11     | Killed an unseen horror
 16472 | D:11     | Reached ****** piety under Okawaru
 16492 | D:11     | Got a translucent iron amulet
 16508 | D:11     | Identified the amulet of Veurog {rCorr rF+} (You found it on level 11 of the Dungeon)
 16563 | D:11     | Received a gift from Okawaru
 16881 | D:12     | Reached skill level 11 in Stealth
 16986 | D:12     | Received a gift from Okawaru
 17032 | D:12     | Noticed a manticore
 17048 | D:12     | Killed a manticore
 17048 | D:12     | Reached XP level 12. HP: 21/65 MP: 13/13
 17143 | D:12     | Noticed a purple ugly thing
 17191 | D:12     | Killed a purple ugly thing
 17807 | D:12     | Reached skill level 6 in Shields
 17822 | D:12     | Demolished by a very large slime creature

Action                   |  1- 3 |  4- 6 |  7- 9 | 10-12 || total
-------------------------+-------+-------+-------+-------++-------
Melee: Short sword       |    67 |       |       |       ||    67
       Dagger            |    38 |    70 |       |    24 ||   132
       Quarterstaff      |       |    25 |    28 |       ||    53
       Lajatang          |       |       |       |    40 ||    40
 Fire: Hunting sling     |    36 |   193 |   515 |  1478 ||  2222
       Blowgun           |       |     5 |       |     9 ||    14
Throw: Throwing net      |       |       |       |     1 ||     1
Invok: Heroism           |       |       |     2 |     1 ||     3
Evoke: Wand              |       |       |       |     6 ||     6
  Use: Scroll            |       |       |    10 |    10 ||    20
       Potion            |       |       |     9 |     4 ||    13
 Stab: Sleeping          |     9 |     4 |       |     1 ||    14
       Distracted        |     1 |       |       |     1 ||     2
       Paralysed         |       |     2 |       |       ||     2
  Eat: Bread ration      |       |     1 |       |       ||     1
       Fruit             |       |       |       |     3 ||     3
       Royal jelly       |       |       |       |     4 ||     4
       Pizza             |       |       |       |     1 ||     1

Vault maps used:
D:1:      dpeg_arrival_lava_altar, minmay_misc_feat_rugged, st_stairs_11
D:2:      nicolae_overflow_crystal_walls
D:3:      uniq_crazy_yiuf_cottage
D:4:      yredelemnul_altar_generic, grunt_dithmenos_shadows, kennysheep_mini,
          nicolae_overflow_hidden_temple, serial_shops, nicolae_shop_crystal,
          uniq_natasha, uniq_blork_the_orc
D:5:      lemuel_coloured_pillars_altar, overflow_temple_1_default, first_bread,
          uniq_pikel
D:6:      minmay_temple_entry_glass, serial_shops, kennysheep_mini_moat,
          elyvilon_altar_1, uniq_duvessa
D:7:      kennysheep_little_box, nrook_mini_backslash
D:8:      serial_undead, serial_undead_b, serial_undead_a, serial_undead_a,
          serial_undead_c, serial_undead_a, serial_undead_a, uniq_grum
D:9:      old_standard_altar
D:10:     dpeg_lair_monsters, david_orc_1_choice, basic_altar,
          minmay_statues_item, uniq_maud
D:11:     erik_rubicon_b, basic_altar, serial_glass, glass_columns_a,
          glass_columns_b, glass_columns_a, glass_columns_a, glass_columns_a,
          glass_columns_a, glass_columns_b, glass_columns_a, glass_columns_c,
          glass_columns_a, due_unseen_surprise, feat_on_display,
          item_on_display_a, item_on_display_b, david_nohive_1

Table legend:
 A = Turns spent in this place as a percentage of turns spent in the entire game.
 B = Non-inter-level travel turns spent in this place as a percentage of non-inter-level travel turns spent in the entire game.
 C = Inter-level travel turns spent in this place as a percentage of turns spent in this place.
 D = Turns resting spent in this place as a percentage of non-inter-level travel turns spent in this place.
 E = Turns spent auto-exploring this place as a percentage of non-inter-level travel turns spent in this place.
 F = Non-inter-level travel turns spent in this place divided by the number of levels of this place that you've seen.
                   A       B       C       D       E      F
               +-------+-------+-------+-------+-------+----------------------
         Total | 100.0 | 100.0 |   0.5 |   1.4 |   7.1 | 550.1
       Dungeon | 100.0 | 100.0 |   0.5 |   1.4 |   7.1 | 550.1
               +-------+-------+-------+-------+-------+----------------------

Table legend:
 A = Kills in this place as a percentage of kills in entire the game.
 B = Kills by you in this place as a percentage of kills by you in the entire game.
 C = Kills by friends in this place as a percentage of kills by friends in the entire game.
 D = Other kills in this place as a percentage of other kills in the entire game.
 E = Experience gained in this place as a percentage of experience gained in the entire game.
 F = Experience gained in this place divided by the number of levels of this place that you have seen.
                   A       B       C       D       E      F
               +-------+-------+-------+-------+-------+----------------------
         Total | 100.0 | 100.0 |  -nan | 100.0 | 100.0 | 2099.5
       Dungeon | 100.0 | 100.0 |  -nan | 100.0 | 100.0 | 2099.5
               +-------+-------+-------+-------+-------+----------------------
